[Event "EICC 2017"]
[Site "Minsk"]
[Date "2017.06.10"]
[Round "11"]
[White "Hamitevici, Vladimir"]
[Black "Lopez Martinez, Josep Manuel"]
[Result "1-0"]
[ECO "A04"]
[WhiteElo "2490"]
[BlackElo "2597"]
[Annotator "RC"]
[PlyCount "109"]
[EventDate "2017.??.??"]
[EventCountry "BLR"]
[SourceTitle "playchess.com"]
[Source "ChessBase"]
[SourceQuality "1"]
[TimeControl "40/5400+30:1800+30"]

1. Nf3 e6 2. g3 d5 3. Bg2 Nf6 4. O-O Be7 5. b3 O-O 6. Bb2 c5 7. c4 dxc4 8. bxc4 Nc6 9. d3 Qc7 10. e3 Rd8 11. Qe2 a6 12. Rc1 b6 13. Ne1 Bb7 14. f4 Nb4 15. a3 Bxg2 16. Qxg2 Nc6 17. Nd2 Rac8 18. Rab1 Rd7 19. Ndf3 Qd8 20. Qe2 Ne8 21. Ba1 Rb8 22. Ne5 Nxe5 23. Bxe5 Rbb7 24. a4 a5 25. Rb3 Bd6 26. Bc3 Qc8 27. Qg2 Bc7 28. Rcb1 Ra7 29. Kf1 Rd8 30. Qc6 Rd6 31. Qe4 Bd8 32. g4 Qd7 33. Be5 Rc6 34. g5 Rc8 35. Ra3 f6 36. gxf6 gxf6 37. Ba1 Ng7 38. Qg2 Kh8 39. Nf3 Qe8 40. Qh3 Rd7 41. Ke2 Rc6 42. Rg1 Rcd6 43. Nd2 Rf7 44. Ne4 Rdd7 45. Rg6 Qf8 46. Rb3 Kg8 47. Rg2 Kh8 48. Rb1 Nf5 49. Rg6 Ng7 50. Rbg1 Be7 51. Qh6 Ne8 52. Ng5 Rd6 53. Qxf8+ Rxf8 54. Nf7+ Rxf7 55. Rg8# 1-0